 Dungeon Sprint DCSS version 0.28-a0-79-g444c7a33f5 (webtiles) character file.

Game seed: 12972589646112260552

54 Zeldest the Insei (level 3, -1/26 HPs)
             Began as a Demonspawn Transmuter on Aug 2, 2021.
             Was an Initiate of Cheibriados.
             Slain by a gargoyle (19 damage)
             ... in the Dungeon (Sprint IX: "|||||||||||||||||||||||||||||").
             The game lasted 00:01:07 (111 turns).

Zeldest the Insei (Demonspawn Transmuter)            Turns: 111, Time: 00:01:07

Health: -1/26      AC: 11    Str: 12    XL:     3   Next: 66%
Magic:  6/6        EV:  5    Int: 18    God:    Cheibriados [......]
Gold:   0          SH:  0    Dex: 17    Spells: 5/6 levels left

rFire   . . .      SeeInvis .     - Unarmed
rCold   . . .      Faith    .   (no shield)
rNeg    . . .      Spirit   .   k - +1 chain mail
rPois   .          Reflect  .   j - +0 helmet
rElec   .          Harm     .   (no cloak)
rCorr   .          Rampage  .   (no gloves)
Will    .....      NoTele   +   i - +0 pair of boots
Stlth   ..........              (no amulet)
HPRegen 0.08/turn               l - +3 ring of dexterity
MPRegen 0.10/turn               m - +3 ring of intelligence

@: very slow
A: ignite blood 1
a: Renounce Religion, Bend Time


You were in the Dungeon.
You worshipped Cheibriados.
Cheibriados was noncommittal.
You visited 1 branch

Inventory:

Armour
 a - a +0 robe
 i - a +0 pair of boots (worn)
 j - a +0 helmet (worn)
 k - a +1 chain mail (worn)
Jewellery
 l - a +3 ring of dexterity (left hand)
 m - a +3 ring of intelligence (right hand)
Wands
 h - a wand of acid (8)
Scrolls
 f - 2 scrolls of amnesia
 g - 2 scrolls of blinking
Potions
 b - 5 potions of curing
 c - 2 potions of heal wounds
 d - a potion of invisibility
 e - 4 potions of magic


   Skills:
 + Level 1.0 Fighting
 + Level 0.0 Armour
 - Level 1.7 Dodging
 + Level 7.2 Unarmed Combat
 - Level 2.0 Spellcasting
 + Level 1.7 Transmutations
 + Level 0.0 Evocations


You had 5 spell levels left.
You knew the following spells:

 Your Spells              Type           Power      Damage    Failure   Level
a - Beastly Appendage     Tmut           16%        N/A       99%         1

Your spell library contained the following spells:

 Spells                   Type           Power      Damage    Failure   Level
 Wereblood                Tmut           8%         N/A       100%        2
 Spider Form              Tmut/Pois      2%         N/A       100%        3
 Ice Form                 Ice/Tmut       4%         N/A       100%        4


Dungeon Overview and Level Annotations

Branches:
Dungeon (1/1)

Altars:
Cheibriados
Dithmenos
Elyvilon
Fedhas
Gozag
Hepliaklqana
Kikubaaqudgha
Makhleb
Nemelex Xobeh
Okawaru
Qazlal
Ru
Sif Muna
Trog
Uskayaw
Vehumet
Wu Jian
Xom
Yredelemnul
Zin
The Shining One
Beogh
Jiyva
Lugonu


Innate Abilities, Weirdness & Mutations

Your demonic aura sometimes causes spilled blood to erupt in flames.


Message History

Okay, then.
You open the door.
A yak, a gargoyle, a kobold brigand, an orc warrior, a wight and a howler monkey come into view.
The kobold brigand is wielding a +0 club and quivering curare-tipped darts.
The howler monkey howls!
The orc warrior shouts!
The kobold brigand shouts!
The yak bellows!
The gargoyle hurls a stone arrow at you.
The stone arrow hits you!!
Ouch! That really hurt!
* * * LOW HITPOINT WARNING * * *
The howler monkey hoots and howls with incredible vigour!
Okay, then.
You feel much better.
Aiming: Corrosive Bolt
Press: ? - help, Shift-Dir - straight line, f - gargoyle
Aim: a gargoyle, wielding a +0 flail (86% to hit)
The bolt of acid misses the gargoyle.
The bolt of acid hits the howler monkey!
The howler monkey is splashed with acid.
The howler monkey is almost dead.
The bolt of acid misses the wight.
The bolt of acid hits the orc warrior!
The orc warrior is splashed with acid.
The orc warrior is heavily wounded.
The gargoyle hits you with a +0 flail!
Aiming: Corrosive Bolt
Press: ? - help, Shift-Dir - straight line, f/p - gargoyle
Aim: a gargoyle, wielding a +0 flail (flame, 86% to hit)
The bolt of acid hits the gargoyle but does no damage.
The bolt of acid hits the howler monkey!
The howler monkey is splashed with acid.
The acid corrodes the howler monkey!
You kill the howler monkey!
Cheibriados appreciates the change of pace.
The bolt of acid hits the wight.
The wight is splashed with acid.
The acid corrodes the wight!
The wight is heavily damaged.
The bolt of acid misses the orc warrior.
The gargoyle hits you with a +0 flail!!
Ouch! That really hurt!
You die...

▓.▓
▓.▓
▓)▓
▓.▓
▓.▓
▓.▓
▓.▓
▓.▓
▓@▓
▓9▓
▓z▓
▓.▓
▓o▓
▓.▓
▓K▓
▓Y▓


You could see a yak, an orc warrior, a gargoyle, a kobold brigand and a wight
(corroded).

Vanquished Creatures
  A howler monkey (D)
  A hound (D)
  An adder (D)
  A white imp (D)
  An orc (D)
  A ball python (D)
  An endoplasm (D)
  A hobgoblin (D)
  2 bats (D)
  A quokka zombie (D)
11 creatures vanquished.

Notes
Turn   | Place    | Note
-------+----------+-------------------------------------------
     0 | D        | Zeldest the Demonspawn Transmuter began the quest for the
                  | Orb.
     0 | D        | Reached XP level 1. HP: 15/15 MP: 3/3
     8 | D        | Reached skill level 3 in Unarmed Combat
    16 | D        | Reached skill level 4 in Unarmed Combat
    23 | D        | Noticed a hound
    28 | D        | Reached skill level 5 in Unarmed Combat
    28 | D        | Gained mutation: Your demonic aura sometimes causes spilled
                  | blood to erupt in flames. [demonic ancestry]
    28 | D        | Reached XP level 2. HP: 21/21 MP: 3/5
    34 | D        | Reached skill level 6 in Unarmed Combat
    34 | D        | Reached XP level 3. HP: 26/26 MP: 3/6
    35 | D        | Reached skill level 7 in Unarmed Combat
    43 | D        | Found a snail-covered altar of Cheibriados.
    43 | D        | Found a shadowy altar of Dithmenos.
    43 | D        | Found a blossoming altar of Fedhas.
    43 | D        | Found an opulent altar of Gozag.
    44 | D        | Found a hazy altar of Hepliaklqana.
    45 | D        | Found a viscous altar of Jiyva.
    46 | D        | Found an ancient bone altar of Kikubaaqudgha.
    47 | D        | Became a worshipper of Cheibriados the Contemplative
    48 | D        | Found a corrupted altar of Lugonu.
    49 | D        | Found a burning altar of Makhleb.
    50 | D        | Found a sparkling altar of Nemelex Xobeh.
    51 | D        | Found an iron altar of Okawaru.
    52 | D        | Found a stormy altar of Qazlal.
    53 | D        | Found a sacrificial altar of Ru.
    54 | D        | Found a shimmering blue altar of Sif Muna.
    55 | D        | Found a bloodstained altar of Trog.
    56 | D        | Found a hide-covered altar of Uskayaw.
    57 | D        | Found a radiant altar of Vehumet.
    58 | D        | Found an ornate altar of the Wu Jian Council.
    59 | D        | Found a shimmering altar of Xom.
    60 | D        | Found a basalt altar of Yredelemnul.
   108 | D        | Noticed a gargoyle
   108 | D        | Noticed an orc warrior
   108 | D        | Noticed a kobold brigand
   108 | D        | Noticed a yak
   111 | D        | Slain by a gargoyle

Illustrated notes

Levels and vault maps discovered:
D:        linesprint [early_d, line_temple, items_1, d_10, items_2, lair_1,
          lair_end, items_3, orc_1, orc_end, items_4, d_15, swamp_1, shoals_1,
          snake_1, spider_1, d_20, vaults_1, items_5, swamp_end, shoals_end,
          snake_end, spider_end, vaults_end, d_27, items_6, zot_1, zot_end,
          crypt_end, forest_end, elf_end, slime_end, tomb_end, abyss_end,
          pan_hell_end]

Skill      XL: |  1  2  3 |
---------------+----------+-----
Unarmed Combat | 5 6 7 |  7.2
Fighting       | |  1.0
Dodging        | |  1.7
Spellcasting   | |  2.0
Transmutations | |  1.7

Action                   || total
-------------------------++-------
Melee: Unarmed           ||    22
       Kick              ||     2
       Headbutt          ||     3
 Cast: Beastly Appendage ||     2
Evoke: Wand              ||     2
  Use: Potion            ||     3
Armor: Robe              ||     5
Dodge: Dodged            ||    14

Table legend: (Time is in decaauts)
 A = Elapsed time spent in this place.
 B = Non-inter-level travel time spent in this place.
 C = Inter-level travel time spent in this place.
 D = Time resting spent in this place.
 E = Time spent auto-exploring this place.
 F = Levels seen in this place.
 G = Mean time per level.
                   A        B        C        D        E       F      G
               +--------+--------+--------+--------+--------+-----+--------+
         Total |    108 |    108 |      0 |      0 |      0 |   1 |  108.0 |
       Dungeon |    108 |    108 |      0 |      0 |      0 |   1 |  108.0 |
               +--------+--------+--------+--------+--------+-----+--------+

Top non-repeatable levels by time:
       D: 108 daAuts
